GCL
PHILADELPHIA (GCL) PHILLIES @ HOUSTON (GCL) ASTROS
10/06/2098
 
TOP OF THE 1ST
Philadelphia (GCL) Phillies batting - Pitching for Houston (GCL) Astros : RHP Travis Shindle
Pitching: RHP Travis Shindle
Batting: RHB Sam Kilpatrick 0-0: Ball
1-0: Called Strike
1-1: Foul Ball, location: 7LDF
1-2: Foul Ball, location: 2F
1-2: Foul Ball, location: 2F
1-2: Strikes out looking
Batting: LHB Willie Contreras 0-0: Called Strike
0-1: Swinging Strike
0-2: Ball
1-2: Ball
2-2: SINGLE (Groundball, 4M, EV 86.9 MPH)
Batting: RHB Kevin Mizerak 0-0: Ball
1-0: Foul Ball, location: 7LMF
1-1: Fly out, F7 (Flyball, 78S, EV 90.0 MPH)
Batting: LHB Steve Dukich 0-0: Called Strike
0-1: 2-RUN HOME RUN (Flyball, 9D, EV 95.0 MPH), Distance : 340 ft
Batting: RHB Jason Tuberville 0-0: Called Strike
0-1: Foul Ball, location: 23FF
0-2: Foul Ball, location: 2F
0-2: Ball
1-2: Ball
2-2: Foul Ball, location: 3F
2-2: DOUBLE (Line Drive, 7LM, EV 105.0 MPH)
Batting: RHB Carlos Garcia 0-0: Ball
1-0: Called Strike
1-1: Fly out, F7 (Line Drive, 7LS, EV 90.0 MPH)
Top of the 1st over - 2 runs, 3 hits, 0 errors, 1 left on base; Philadelphia (GCL) 2 - Houston (GCL) 0
BOTTOM OF THE 1ST
Houston (GCL) Astros batting - Pitching for Philadelphia (GCL) Phillies : RHP Leo Magana
Pitching: RHP Leo Magana
Batting: LHB Chris Sharpe 0-0: Ball
1-0: Called Strike
1-1: Ball
2-1: Foul Ball, location: 3F
2-2: Ball
3-2: Ground out 6-3 (Groundball, 6M, EV 108.8 MPH)
Batting: RHB John Graham 0-0: Ball
1-0: SINGLE (Line Drive, 78M, EV 108.1 MPH)
Batting: RHB Dave Orme 0-0: Foul Ball, location: 2F
0-1: Ball
1-1: Foul Ball, location: 2F
1-2: Ball
2-2: Foul Ball, location: 2F
2-2: Ball
3-2: Ground out 6-3 (Groundball, 4M, EV 99.4 MPH)
John Graham to second
Batting: RHB Ricky Hawk 0-0: Called Strike
0-1: Fly out, F9 (Flyball, 9, EV 78.8 MPH)
Bottom of the 1st over - 0 runs, 1 hit, 0 errors, 1 left on base; Philadelphia (GCL) 2 - Houston (GCL) 0
TOP OF THE 2ND
Philadelphia (GCL) Phillies batting - Pitching for Houston (GCL) Astros : RHP Travis Shindle
Batting: LHB Jesus Saenz 0-0: Called Strike
0-1: Ball
1-1: Ground out U3 (Groundball, 3, EV 86.9 MPH)
Batting: RHB Jose Rosales 0-0: Called Strike
0-1: Ground out 4-3 (Groundball, 4MS, EV 90.6 MPH)
Batting: RHB Sal Torres 0-0: Called Strike
0-1: Ball
1-1: Ground out 5-3 (Groundball, 25, EV 92.5 MPH)
Top of the 2nd over - 0 runs, 0 hits, 0 errors, 0 left on base; Philadelphia (GCL) 2 - Houston (GCL) 0
BOTTOM OF THE 2ND
Houston (GCL) Astros batting - Pitching for Philadelphia (GCL) Phillies : RHP Leo Magana
Batting: RHB Doug Fitzsimons 0-0: Called Strike
0-1: Ball
1-1: Ball
2-1: Ball
3-1: Reached on error, E6 (Groundball, 4MS, EV 90.6 MPH)
Batting: LHB Wilfredo Ferrer 0-0: Ball
1-0: Called Strike
1-1: Ball
2-1: Foul Ball, location: 2F
2-2: Strikes out looking
Batting: RHB Alejandro Padilla 0-0: Ball
1-0: SINGLE (Line Drive, 7S, EV 93.8 MPH)
Doug Fitzsimons to second
Batting: RHB Esteban Rivas 0-0: Ball
1-0: Called Strike
1-1: Foul Ball, location: 7LMF
1-2: Fly out, F8 (Flyball, 8RD, EV 98.1 MPH)
Runner from 2nd tags up, SAFE at 3rd with throw by CF
Pinch Hitting: LHB Ricky Iraheta 0-0: Ball
1-0: Foul Ball, location: 3F
1-1: Ball
2-1: Ground out 4-3 (Groundball, 4, EV 103.1 MPH)
Bottom of the 2nd over - 0 runs, 1 hit, 1 error, 2 left on base; Philadelphia (GCL) 2 - Houston (GCL) 0
TOP OF THE 3RD
Philadelphia (GCL) Phillies batting - Pitching for Houston (GCL) Astros : RHP Travis Shindle
Now at 3B: Reggie Mitchell
Batting: RHB Sam Kilpatrick 0-0: Ball
1-0: SOLO HOME RUN (Flyball, 9D, EV 93.1 MPH), Distance : 351 ft
Batting: LHB Willie Contreras 0-0: Ball
1-0: Fly out, F6 (Popup, 6D, EV 49.4 MPH)
Batting: RHB Kevin Mizerak 0-0: Ball
1-0: Foul Ball, location: 25FF
1-1: Ball
2-1: Foul Ball, location: 23F
2-2: Strikes out swinging
Batting: LHB Steve Dukich 0-0: Called Strike
0-1: Called Strike
0-2: Strikes out swinging
Top of the 3rd over - 1 run, 1 hit, 0 errors, 0 left on base; Philadelphia (GCL) 3 - Houston (GCL) 0
BOTTOM OF THE 3RD
Houston (GCL) Astros batting - Pitching for Philadelphia (GCL) Phillies : RHP Leo Magana
Batting: LHB Chris Sharpe 0-0: Ball
1-0: Foul Ball, location: 3F
1-1: Ball
2-1: Ball
3-1: Called Strike
3-2: Ground out 4-3 (Groundball, 4S, EV 88.8 MPH)
Batting: RHB John Graham 0-0: Foul Ball, location: 2F
0-1: Foul Ball, location: 2LF
0-2: Foul Ball, location: 9LDF
0-2: Ball
1-2: Ball
2-2: Foul Ball, location: 2F
2-2: Fly out, F7 (Flyball, 7D, EV 105.0 MPH)
Batting: RHB Dave Orme 0-0: Called Strike
0-1: Called Strike
0-2: Ground out 5-3 (Groundball, 56S, EV 70.0 MPH)
Bottom of the 3rd over - 0 runs, 0 hits, 0 errors, 0 left on base; Philadelphia (GCL) 3 - Houston (GCL) 0
TOP OF THE 4TH
Philadelphia (GCL) Phillies batting - Pitching for Houston (GCL) Astros : RHP Travis Shindle
Batting: RHB Jason Tuberville 0-0: Foul Ball, location: 25FF
0-1: Ball
1-1: Fly out, F7 (Flyball, 78M, EV 88.1 MPH)
Batting: RHB Carlos Garcia 0-0: Ball
1-0: Foul Ball, location: 9LMF
1-1: Fly out, F9 (Line Drive, 9, EV 90.6 MPH)
Batting: LHB Jesus Saenz 0-0: Called Strike
0-1: Foul Ball, location: 9LSF, Error on foul ball, E9
0-2: Fly out, F7 (Line Drive, 7, EV 92.5 MPH)
Top of the 4th over - 0 runs, 0 hits, 1 error, 0 left on base; Philadelphia (GCL) 3 - Houston (GCL) 0
BOTTOM OF THE 4TH
Houston (GCL) Astros batting - Pitching for Philadelphia (GCL) Phillies : RHP Leo Magana
Batting: RHB Ricky Hawk 0-0: Ball
1-0: Called Strike
1-1: Swinging Strike
1-2: Foul Ball, location: 2F
1-2: Foul Ball, location: 25FF
1-2: SINGLE (Groundball, 6MD, EV 97.5 MPH)
Batting: RHB Doug Fitzsimons 0-0: Fly out, F7 (Flyball, 7S, EV 88.8 MPH)
Batting: LHB Wilfredo Ferrer 0-0: Called Strike
0-1: Swinging Strike
0-2: Ball
1-2: Fly out, F8 (Flyball, 8RD, EV 101.9 MPH)
Batting: RHB Alejandro Padilla 0-0: Ball
1-0: Ball
2-0: Fielders Choice at 2nd, 6-4 (Groundball, 6, EV 73.1 MPH)
Bottom of the 4th over - 0 runs, 1 hit, 0 errors, 1 left on base; Philadelphia (GCL) 3 - Houston (GCL) 0
TOP OF THE 5TH
Philadelphia (GCL) Phillies batting - Pitching for Houston (GCL) Astros : RHP Travis Shindle
Batting: RHB Jose Rosales 0-0: Fly out, F3 (Popup, 3SF, EV 81.3 MPH)
Batting: RHB Sal Torres 0-0: Ball
1-0: Ball
2-0: SOLO HOME RUN (Flyball, 8RXD, EV 110.6 MPH), Distance : 429 ft
Pitching: LHP Josh Mukhransky
Batting: RHB Sam Kilpatrick 0-0: Ball
1-0: Called Strike
1-1: Ball
2-1: Ball
3-1: Swinging Strike
3-2: TRIPLE (Flyball, 8RXD, EV 101.3 MPH)
Batting: LHB Willie Contreras 0-0: Ball
1-0: Called Strike
1-1: Foul Ball, location: 2F
1-2: Foul Ball, location: 2F
1-2: Ball
2-2: Foul Ball, location: 2F
2-2: Ball
3-2: Foul Ball, location: 2F
3-2: SINGLE (Groundball, 6M, EV 81.9 MPH)
Sam Kilpatrick scores
Batting: RHB Kevin Mizerak 0-0: Foul Ball, location: 2F
0-1: Foul Ball, location: 23F
0-2: Ball
1-2: Foul Ball, location: 25FF
1-2: Strikes out swinging
Batting: LHB Steve Dukich 0-0: SINGLE (Line Drive, 56D, EV 95.0 MPH)
Willie Contreras to second
Batting: RHB Jason Tuberville 0-0: Fielders Choice at 2nd, 6-4 (Groundball, 6, EV 78.1 MPH)
Top of the 5th over - 2 runs, 4 hits, 0 errors, 2 left on base; Philadelphia (GCL) 5 - Houston (GCL) 0
BOTTOM OF THE 5TH
Houston (GCL) Astros batting - Pitching for Philadelphia (GCL) Phillies : RHP Leo Magana
Batting: RHB Esteban Rivas 0-0: Ball
1-0: Ball
2-0: Foul Ball, location: 2F
2-1: Ground out 6-3 (Groundball, 6S, EV 81.3 MPH)
Batting: RHB Reggie Mitchell 0-0: Ball
1-0: Called Strike
1-1: Fly out, F6 (Popup, 6, EV 57.5 MPH)
Batting: LHB Chris Sharpe 0-0: Swinging Strike
0-1: Ball
1-1: Ground out 6-3 (Groundball, 6, EV 84.4 MPH)
Bottom of the 5th over - 0 runs, 0 hits, 0 errors, 0 left on base; Philadelphia (GCL) 5 - Houston (GCL) 0
TOP OF THE 6TH
Philadelphia (GCL) Phillies batting - Pitching for Houston (GCL) Astros : LHP Josh Mukhransky
Batting: RHB Carlos Garcia 0-0: Called Strike
0-1: Ground out 6-3 (Groundball, 6, EV 89.4 MPH)
Batting: LHB Jesus Saenz 0-0: Called Strike
0-1: Foul Ball, location: 7LMFF
0-2: Foul Ball, location: 7LSF
0-2: Strikes out swinging
Batting: RHB Jose Rosales 0-0: Foul Ball, location: 5FF
0-1: Ball
1-1: Ball
2-1: Foul Ball, location: 9LSF
2-2: Foul Ball, location: 9LMF
2-2: Ball
3-2: Fly out, F8 (Flyball, 8RS, EV 80.0 MPH)
Top of the 6th over - 0 runs, 0 hits, 0 errors, 0 left on base; Philadelphia (GCL) 5 - Houston (GCL) 0
BOTTOM OF THE 6TH
Houston (GCL) Astros batting - Pitching for Philadelphia (GCL) Phillies : RHP Leo Magana
Batting: RHB John Graham 0-0: Ball
1-0: Called Strike
1-1: Called Strike
1-2: Foul Ball, location: 2F
1-2: Strikes out swinging
Batting: RHB Dave Orme 0-0: Called Strike
0-1: Called Strike
0-2: Ball
1-2: Strikes out swinging
Batting: RHB Ricky Hawk 0-0: Called Strike
0-1: Foul Ball, location: 2F
0-2: Ball
1-2: Fly out, F6 (Popup, 6M, EV 69.4 MPH)
Bottom of the 6th over - 0 runs, 0 hits, 0 errors, 0 left on base; Philadelphia (GCL) 5 - Houston (GCL) 0
TOP OF THE 7TH
Philadelphia (GCL) Phillies batting - Pitching for Houston (GCL) Astros : LHP Josh Mukhransky
Pitching: RHP Danny Rivera
Batting: RHB Sal Torres 0-0: Foul Ball, location: 2F
0-1: Foul Ball, location: 2F
0-2: Strikes out swinging
Batting: RHB Sam Kilpatrick 0-0: SINGLE (Line Drive, 34, EV 98.1 MPH)
Batting: LHB Willie Contreras 0-0: Ball
Sam Kilpatrick steals 2nd base
1-0: Reached on error, E5 (Groundball, 5, EV 70.6 MPH)
Pinch Hitting: LHB Bobby Ashburner 0-0: Ball
1-0: Ball
2-0: Swinging Strike
2-1: Foul Ball, location: 3SF
2-2: SINGLE (Flyball, 8LS, EV 93.8 MPH)
Sam Kilpatrick to third
Willie Contreras to second
Runner from 3rd tries for Home, SAFE, throw by CF to home
Batting: LHB Steve Dukich 0-0: SINGLE (Groundball, 34D, EV 101.9 MPH)
Willie Contreras to third
Bobby Ashburner to second
Runner from 3rd tries for Home, SAFE, throw by RF to home
Batting: RHB Jason Tuberville 0-0: Ball
1-0: Fly out, F7 (Flyball, 7, EV 74.4 MPH)
Batting: RHB Carlos Garcia 0-0: Foul Ball, location: 9LSF
0-1: Foul Ball, location: 9LMF
0-2: Foul Ball, location: 2F
0-2: Ball
1-2: Foul Ball, location: 2F
1-2: Foul Ball, location: 5F
1-2: Foul Ball, location: 2F
1-2: Strikes out swinging
Top of the 7th over - 2 runs, 3 hits, 1 error, 2 left on base; Philadelphia (GCL) 7 - Houston (GCL) 0
BOTTOM OF THE 7TH
Houston (GCL) Astros batting - Pitching for Philadelphia (GCL) Phillies : RHP Leo Magana
Pitching: LHP Travis Willett
Now in LF: Jason Barton
Batting: RHB Doug Fitzsimons 0-0: Ball
1-0: Called Strike
1-1: Ground out 5-3 (Groundball, 56S, EV 91.3 MPH)
Pinch Hitting: RHB Alex Dicochea 0-0: Ball
1-0: Called Strike
1-1: Fly out, F5 (Line Drive, 5L, EV 66.9 MPH)
Batting: RHB Alejandro Padilla 0-0: Called Strike
0-1: Ball
1-1: Foul Ball, location: 5F
1-2: Fly out, F6 (Popup, 15, EV 69.4 MPH)
Bottom of the 7th over - 0 runs, 0 hits, 0 errors, 0 left on base; Philadelphia (GCL) 7 - Houston (GCL) 0
TOP OF THE 8TH
Philadelphia (GCL) Phillies batting - Pitching for Houston (GCL) Astros : RHP Danny Rivera
Now in CF: Nick LaTour
Now in RF: Dave Orme
Batting: LHB Jesus Saenz 0-0: Ball
1-0: Ball
2-0: Ball
3-0: Called Strike
3-1: Foul Ball, location: 2RF
3-2: Foul Ball, location: 2F
3-2: Base on Balls
Batting: RHB Jose Rosales 0-0: Ball
1-0: Ball
2-0: Ball
3-0: Base on Balls
Jesus Saenz to second
Pinch Hitting: LHB Alex Murillo 0-0: Ball
1-0: Foul Ball, location: 7LMF
1-1: Ball
2-1: Foul Ball, location: 5SF
2-2: Grounds into double play, 4-6-3 (Groundball, 4, EV 89.4 MPH)
Jesus Saenz to third
Batting: RHB Sam Kilpatrick 0-0: Ball
1-0: Ball
2-0: Swinging Strike
2-1: SINGLE (Groundball, 6MD, EV 105.0 MPH)
Jesus Saenz scores
Pitching: RHP Juan Chavolla
Batting: LHB Willie Contreras 0-0: Ball
1-0: Ball
2-0: Foul Ball, location: 2F
2-1: Swinging Strike
2-2: Foul Ball, location: 9LSFF
2-2: Foul Ball, location: 2F
2-2: Ball
3-2: DOUBLE (Line Drive, 9LM, EV 96.3 MPH)
Sam Kilpatrick to third
Sam Kilpatrick scores
Batting: RHB Jason Barton 0-0: Ball
1-0: Ball
2-0: Called Strike
2-1: Foul Ball, location: 5FF
2-2: Ball
3-2: Foul Ball, location: 2F
3-2: Base on Balls
Batting: LHB Steve Dukich 0-0: Swinging Strike
0-1: Foul Ball, location: 3F
0-2: Fly out, F8 (Flyball, 78M, EV 93.8 MPH)
Top of the 8th over - 2 runs, 2 hits, 0 errors, 2 left on base; Philadelphia (GCL) 9 - Houston (GCL) 0
BOTTOM OF THE 8TH
Houston (GCL) Astros batting - Pitching for Philadelphia (GCL) Phillies : LHP Travis Willett
Now at 3B: Joe Turner
Pinch Hitting: RHB Benito Mojica 0-0: Ball
1-0: Ball
2-0: Called Strike
2-1: Ball
3-1: Base on Balls
Pinch Hitting: RHB Anacleto Olsen 0-0: Ball
1-0: Swinging Strike
1-1: Foul Ball, location: 2F
1-2: SINGLE (Groundball, 34D, EV 93.8 MPH)
Benito Mojica to second
Runner from 2nd tries for 3rd, SAFE, no throw by RF
Batting: LHB Chris Sharpe 0-0: Called Strike
0-1: Ball
1-1: Ball
2-1: Ball
3-1: Foul Ball, location: 9LDF
3-2: Grounds into double play, 6-4-3 (Groundball, 6, EV 88.8 MPH)
Batting: RHB John Graham 0-0: Foul Ball, location: 2F
0-1: SINGLE (Groundball, 56D, EV 102.5 MPH)
Benito Mojica scores
Batting: RHB Dave Orme 0-0: Ball
1-0: Ground out 5-3 (Groundball, 56S, EV 65.0 MPH)
Bottom of the 8th over - 1 run, 2 hits, 0 errors, 1 left on base; Philadelphia (GCL) 9 - Houston (GCL) 1
TOP OF THE 9TH
Philadelphia (GCL) Phillies batting - Pitching for Houston (GCL) Astros : RHP Juan Chavolla
Now at 1B: Benito Mojica
Now at 3B: Anacleto Olsen
Batting: RHB Jason Tuberville 0-0: Swinging Strike
0-1: SINGLE (Line Drive, 6M, EV 96.9 MPH)
Batting: RHB Carlos Garcia 0-0: Called Strike
0-1: Foul Ball, location: 2F
0-2: Ball
1-2: Strikes out swinging
Pinch Hitting: RHB Andre Kelly 0-0: Ball
1-0: Ball
2-0: Ball
3-0: Called Strike
3-1: Swinging Strike
3-2: Base on Balls
Jason Tuberville to second
Batting: RHB Jose Rosales 0-0: Grounds into double play, 5-4-3 (Groundball, 5S, EV 92.5 MPH)
Top of the 9th over - 0 runs, 1 hit, 0 errors, 1 left on base; Philadelphia (GCL) 9 - Houston (GCL) 1
BOTTOM OF THE 9TH
Houston (GCL) Astros batting - Pitching for Philadelphia (GCL) Phillies : LHP Travis Willett
Now in LF: Andre Kelly
Now in RF: Jason Barton
Batting: RHB Ricky Hawk 0-0: Called Strike
0-1: Ball
1-1: Foul Ball, location: 3F
1-2: Ball
2-2: Foul Ball, location: 2F
2-2: Foul Ball, location: 7LSF
2-2: Ground out 1-3 (Groundball, 13S, EV 70.6 MPH)
Batting: LHB Dan Deible 0-0: Ball
1-0: Called Strike
1-1: Ball
2-1: Foul Ball, location: 2F
2-2: Ball
3-2: SINGLE (Line Drive, 6D, EV 96.9 MPH)
Pitching: RHP Steve Ferro
Batting: LHB Nick LaTour 0-0: Called Strike
0-1: Grounds into double play, U3-6 (Groundball, 3L, EV 106.3 MPH)
Bottom of the 9th over - 0 runs, 1 hit, 0 errors, 0 left on base; Philadelphia (GCL) 9 - Houston (GCL) 1
Tuesday, April 16th , 2024 - OOTP Baseball 24.11 Build 85